 Dungeon Crawl Stone Soup version 0.26-b1-32-g5d43845318 (webtiles) character file.

Game seed: 10770052285713462159

580 Borgoz the Cudgeller (level 7, -12/42 HPs)
             Began as a Gargoyle Gladiator on Jan 11, 2021.
             Mangled by an ogre
             ... wielding a +0 giant spiked club
              (25 damage)
             ... on level 4 of the Dungeon.
             The game lasted 00:04:26 (3852 turns).

Borgoz the Cudgeller (Gargoyle Gladiator)           Turns: 3852, Time: 00:04:26

Health: -12/42     AC: 12    Str: 17    XL:     7   Next: 36%
Magic:  2/2        EV: 11    Int:  9    God:
Gold:   200        SH:  0    Dex: 13    Spells: 6/6 levels left

rFire    . . .     SeeInvis .   p - +5 flail (antimagic)
rCold    . . .     Faith    .   (no shield)
rNeg     + . .     Spirit   .   k - +0 scale mail
rPois    ∞         Reflect  .   c - +0 helmet
rElec    +         Harm     .   (no cloak)
rCorr    .         Rampage  .   (no gloves)
Will     .....                  (no boots)
Stlth    ..........             (no amulet)
HPRegen  0.14/turn              (no ring)
MPRegen  0.08/turn              (no ring)

@: mighty
A: negative energy resistance 1, electricity resistance, unbreathing,
petrification resistance, miasma immunity, AC +4
a: no special abilities


You were on level 4 of the Dungeon.
You visited 1 branch of the dungeon, and saw 4 of its levels.

You collected 200 gold pieces.

Inventory:

Hand Weapons
 p - a +5 antimagic flail (weapon)
Missiles
 d - a throwing net (quivered)
Armour
 c - a +0 helmet (worn)
 k - a +0 scale mail (worn)
Scrolls
 b - a scroll of teleportation
 e - a scroll of remove curse
Potions
 a - a potion of heal wounds {unknown}
 g - a potion of haste {unknown}
 h - a potion of might
 n - a potion of cancellation


   Skills:
 + Level 3.9 Fighting
 * Level 5.4 Maces & Flails
 - Level 1.7 Throwing
 + Level 3.0 Armour
 * Level 4.4 Dodging


You had 6 spell levels left.
You didn't know any spells.
Your spell library was empty.

Dungeon Overview and Level Annotations

Branches:
Dungeon (4/15)
 Temple: D:4-7

Altars:
Nemelex Xobeh
Xom


Innate Abilities, Weirdness & Mutations

You are resistant to torment.
Your stone body is resilient. (AC +4)
You are immune to poison.
You resist negative energy. (rN+)
You are resistant to electric shocks. (rElec)
You can survive without breathing.
You are immune to petrification.
You are immune to miasma.


Message History

You sock the ogre!
The ogre is moderately wounded.
The ogre closely misses you. The gnoll hits you but does no damage.
You closely miss the ogre.
The ogre is moderately wounded.
The gnoll barely misses you. The gnoll closely misses you.
The ogre hits you with a +0 giant spiked club!!
Ouch! That really hurt!
You are too injured to fight recklessly!
You are too injured to fight recklessly!
You are too injured to fight recklessly!
It was a potion of might.
You feel very mighty all of a sudden. The gnoll barely misses you.
The gnoll closely misses you.
You barely miss the ogre.
The ogre is moderately wounded.
The gnoll hits you with a +0 club.
The ogre hits you with a +0 giant spiked club!!
Ouch! That really hurt!
You die...

#......... ..... #
#........####...#.. #
#........#......#.. +
#........#......#.# #
#.....g..#......#.# #
#....gg..#......#.# #
#.....gO.#...†..#.#####
#.....@# #......#.#....
#......###......#.#....
#......................
#................>.....
#......................
###...##...............
#### #..............#
#..............#
#..............#


You could see an ogre and 4 gnolls.

Vanquished Creatures
  An ogre (D:4)
  A scorpion (D:3)
  A howler monkey (D:4)
  A hound (D:4)
  3 orc priests
  2 orc wizards
  A hound skeleton (D:4)
  4 gnolls
  8 adders
  A shadow imp (D:4)
  An adder skeleton (D:4)
  3 worms
  2 dart slugs
  A leopard gecko (D:4)
  16 orcs
  2 ball pythons
  3 giant cockroaches (D:3)
  5 goblins
  8 hobgoblins
  2 jackals (D:1)
  5 bats
  3 frilled lizards
  6 kobolds
  A leopard gecko skeleton (D:4)
  A quokka skeleton (D:4)
  9 rats
91 creatures vanquished.

Notes
Turn   | Place    | Note
-------+----------+-------------------------------------------
     0 | D:1      | Borgoz the Gargoyle Gladiator began the quest for the Orb.
     0 | D:1      | Reached XP level 1. HP: 12/12 MP: 1/1
    85 | D:1      | Reached XP level 2. HP: 14/17 MP: 2/2
   137 | D:1      | You fall into a shaft and drop 1 floor!
   646 | D:1      | Reached XP level 3. HP: 22/22 MP: 3/3
   891 | D:1      | Reached skill level 1 in Armour
  1339 | D:2      | Found a sparkling altar of Nemelex Xobeh.
  1733 | D:2      | Reached XP level 4. HP: 24/27 MP: 4/4
  1763 | D:2      | Found a shimmering altar of Xom.
  2203 | D:3      | Reached skill level 4 in Maces & Flails
  2203 | D:3      | Reached XP level 5. HP: 29/32 MP: 5/5
  2717 | D:3      | Reached XP level 6. HP: 29/37 MP: 2/6
  3408 | D:4      | Reached skill level 5 in Maces & Flails
  3691 | D:4      | Reached XP level 7. HP: 42/42 MP: 2/7
  3852 | D:4      | Mangled by an ogre

Illustrated notes

Levels and vault maps discovered:
D:1:      dpeg_arrival_court, layout_basic
D:2:      layout_rooms, nemelex_xobeh_ov_fountains_minmay, xom_teletrap_fun
D:3:      layout_basic
D:4:      layout_basic, elyvilon_altar_1, st_stairs_11

Skill      XL: |  1  2  3  4  5  6  7 |
---------------+----------------------+-----
Armour         | 1 2 3 |  3.0
Dodging        | 3 4 |  4.4
Fighting       | 3 |  3.9
Maces & Flails | 4 5 |  5.4
Throwing       | |  1.7

Action                   |  1- 3 |  4- 6 |  7- 9 || total
-------------------------+-------+-------+-------++-------
Melee: Flail             |    97 |   149 |    36 ||   282
Throw: Throwing net      |     2 |     5 |       ||     7
  Use: Scroll            |       |     4 |     6 ||    10
       Potion            |       |     4 |     1 ||     5
 Stab: Invisible         |       |     1 |       ||     1
       Held in net/web   |       |     2 |       ||     2
Armor: Leather armour    |    31 |       |       ||    31
       Scale mail        |    15 |    78 |    13 ||   106
Dodge: Dodged            |    62 |    99 |    26 ||   187
